 Dungeon Crawl Stone Soup version 0.17-a0-1840-g87820a2 (webtiles) character file.

3479 Oddball22 the Prestidigitator (level 9, -30/65 HPs)
             Began as a Demonspawn Venom Mage on Sept 16, 2015.
             Was a Follower of Sif Muna.
             Killed from afar by twist's ghost (46 damage)
             ... with a fireball
             ... on level 9 of the Dungeon.
             The game lasted 00:35:11 (10031 turns).

Oddball22 the Prestidigitator (DsVM)               Turns: 10031, Time: 00:35:11

Health: -30/65     AC:  6    Str:  9    XL:     9   Next: 79%
Magic:  14/16      EV: 13    Int: 17    God:    Sif Muna [*.....]
Gold:   477        SH:  0    Dex: 16    Spells: 5 memorised, 2 levels left

rFire  . . .     SeeInvis .     k - +2 spear (freeze)
rCold  . . .     Clarity  .     I - +1 leather armour {rPois}
rNeg   . . .     SustAt   .     (no shield)
rPois  +         Gourm    .     (helmet restricted)
rElec  .         Spirit   .     B - +0 cloak
rCorr  .         Warding  .     n - +0 pair of gloves
rMut   .         Stasis   .     (no boots)
MR     .....                    t - amulet of faith (curse)
Stlth  ++........               (no ring)
                                w - ring of invisibility

@: very slightly contaminated, invisible, not resistant to hostile enchantments,
unstealthy
A: antennae 2, demonic guardian 2, spiny 1
a: Channel Energy, Renounce Religion, Turn Visible


You were on level 9 of the Dungeon.
You worshipped Sif Muna.
Sif Muna was aware of your devotion.
You were hungry.

You visited 2 branches of the dungeon, and saw 10 of its levels.

You collected 477 gold pieces.

Inventory:

Hand weapons
 k - a +2 spear of freezing (weapon)
 m - a +3 dagger
Armour
 a - a +0 robe
 n - a +0 pair of gloves (worn)
 B - a +0 cloak (worn)
 I - a +1 leather armour of poison resistance (worn)
Jewellery
 t - a cursed amulet of faith (around neck)
 w - a ring of invisibility (left hand)
Magical devices
 z - a wand of slowing (31)
 C - a wand of paralysis (15)
 D - a wand of magic darts (30)
 H - a wand of flame (19)
Scrolls
 e - a scroll of immolation {unknown}
 h - a scroll of fog {unknown}
 i - 4 scrolls of amnesia {unknown}
 l - 6 scrolls of remove curse {unknown}
 q - 4 scrolls of teleportation {unknown}
 r - 4 scrolls of enchant weapon {unknown}
 s - 3 scrolls of identify
 x - a scroll of summoning {unknown}
 y - a scroll of noise {unknown}
 A - a scroll of fear {unknown}
 F - a scroll of magic mapping {unknown}
 K - a scroll of enchant armour {unknown}
Potions
 f - a potion of lignification
 j - a potion of curing
 p - a potion of heal wounds
 v - a potion of agility
 G - a potion of magic
Books
 b - a Young Poisoner's Handbook

   Spells                             Type                      Level
   a - Sting                          Conjuration/Poison           1
   b - Cure Poison                    Poison                       2
   c - Mephitic Cloud                 Conjuration/Poison/Air       3
   d - Olgreb's Toxic Radiance        Poison                       4
   e - Venom Bolt                     Conjuration/Poison           5
 d - a book of Death

   Spells                             Type                      Level
   a - Corpse Rot                     Necromancy                   2
   b - Sublimation of Blood           Necromancy                   2
   c - Agony                          Necromancy                   5
   d - Dispel Undead                  Necromancy                   5
   e - Excruciating Wounds            Charms/Necromancy            5
   f - Bolt of Draining               Conjuration/Necromancy       5
Comestibles
 c - 7 bread rations
 g - 10 meat rations
 o - 4 slices of pizza
 u - a royal jelly
 E - 6 beef jerkies
 J - a chunk of flesh


   Skills:
 - Level 4.2 Fighting
 - Level 3.2 Dodging
 - Level 3.3 Stealth
 + Level 4.7 Spellcasting
 + Level 2.4 Conjurations
 + Level 2.5 Air Magic
 * Level 6.2 Poison Magic
 - Level 6.1 Invocations
 - Level 8.4 Evocations


You had 2 spell levels left.
You knew the following spells:

 Your Spells              Type           Power        Failure   Level  Hunger
a - Sting                 Conj/Pois      ###.         3%          1    None
b - Cure Poison           Pois           ####......   2%          2    #......
c - Mephitic Cloud        Conj/Pois/Air  ###.....     17%         3    ###....
d - Olgreb's Toxic Radia  Pois           ####....     21%         4    ####...
e - Venom Bolt            Conj/Pois      ###.......   87%         5    ######.


Dungeon Overview and Level Annotations

Branches:
Dungeon (9/15)             Temple (1/1) D:4
   Lair: D:8-11         Orc: D:9-12

Altars:
Ashenzari
Dithmenos
Elyvilon
Fedhas
Gozag
Kikubaaqudgha
Makhleb
Nemelex Xobeh
Okawaru
Qazlal
Ru
Sif Muna
Trog
Vehumet
Xom
Yredelemnul
The Shining One

Shops:
D:5 :   D:6 ***=

Annotations:
D:9 twist's ghost, experienced OpFE


Innate Abilities, Weirdness & Mutations

You have a pair of antennae on your head.
A demonic guardian rushes to your aid.
You are partially covered in sharp spines.


Message History

Unknown command.
Use which ability?
You fail to use your ability.
Use which ability?
You fail to use your ability.
Twist's ghost barely misses you.
Use which ability?
You fail to use your ability.
Twist's ghost whispers, "Everlasting silence awaits you..."
Twist's ghost is struck by your spines. Twist's ghost hits you.
* * * LOW HITPOINT WARNING * * *
Use which ability?
You fade into invisibility!
You are very lightly contaminated with residual magic.
You are feeling hungry.
Twist's ghost casts a spell at you. The puff of flame misses you.
Twist's ghost casts a spell at something.
The fireball explodes!
The fireball engulfs you!
Ouch! That really hurt!
You die...

...........# ### #. ...........#
#..## #. ...........# ##...###
##. ...........# ##......## #..
..........## #........## ##..
..........####.........## #...
........................######<..
.........####.............)...#..
.........# ##...@........####....
.........# #......W......# ##.#.
........## #............# ##...
........# #.............# #...#
.......## #...........>.# #....
.......# #.............# ##....
#.....## #............## #.....
###...# .............# #.....
##### .............# #.....


You could see twist's ghost.

Vanquished Creatures
  The ghost of Horrz the Skirmisher, an experienced DrAK of Lugonu (D:6)
  A hippogriff (D:7)
  An orc warrior (D:7)
  A black bear (D:6)
  A centaur (D:5)
  3 ogres
  A phantom (D:9)
  2 giant frogs
  6 scorpions
  4 killer bees (D:8)
  3 crimson imps
  2 hounds
  A jelly (D:8)
  2 centaur skeletons
  A giant frog skeleton (D:6)
  5 orc priests
  9 orc wizards
  Jessica (D:2)
  2 iguanas
  6 worker ants
  A killer bee zombie (D:6)
  A hound zombie (D:9)
  Robin (D:2)
  15 adders
  7 gnolls (D:3)
  5 shadow imps
  5 oozes
  3 worms
  An adder skeleton (D:8)
  6 giant geckos
  12 orcs
  13 bats
  6 giant cockroaches
  12 hobgoblins
  17 jackals
  6 kobolds
  3 quokkas
  3 giant newts
  11 goblins
  9 rats
190 creatures vanquished.

Vanquished Creatures (collateral kills)
  An orc warrior (D:7)
  7 big kobolds (D:8)
  A scorpion (D:4)
  2 crimson imps
  An orc wizard (D:7)
  4 orcs
  A quokka (D:7)
  4 kobolds (D:8)
21 creatures vanquished.

Grand Total: 211 creatures vanquished

Notes
Turn   | Place    | Note
--------------------------------------------------------------
     0 | D:1      | Oddball22 the Demonspawn Venom Mage began the quest for the Orb.
     0 | D:1      | Reached XP level 1. HP: 13/13 MP: 3/3
   325 | D:1      | Reached skill level 1 in Fighting
   325 | D:1      | Gained mutation: You are partially covered in sharp spines. [demonic ancestry]
   325 | D:1      | Reached XP level 2. HP: 14/21 MP: 0/5
   329 | D:1      | Learned a level 2 spell: Cure Poison
   929 | D:1      | Reached XP level 3. HP: 26/26 MP: 1/6
  1384 | D:2      | Noticed Jessica
  1388 | D:2      | Killed Jessica
  1472 | D:2      | Reached XP level 4. HP: 26/34 MP: 7/7
  1634 | D:2      | Noticed Robin
  1641 | D:2      | Killed Robin
  2188 | D:3      | Learned a level 3 spell: Mephitic Cloud
  2195 | D:3      | Gained mutation: A weak demonic guardian rushes to your aid. [demonic ancestry]
  2195 | D:3      | Reached XP level 5. HP: 41/41 MP: 4/8
  2229 | D:3      | Found a basalt altar of Yredelemnul.
  3227 | D:4      | Found a staircase to the Ecumenical Temple.
  3234 | Temple   | Entered the Ecumenical Temple
  3438 | D:4      | Reached XP level 6. HP: 20/48 MP: 9/9
  3700 | D:4      | Reached skill level 1 in Evocations
  4193 | D:4      | Noticed an ogre
  4206 | D:4      | Killed an ogre
  4322 | D:5      | Entered Level 5 of the Dungeon
  4345 | D:4      | HP: 1/72 [orc priest/divine providence (13)]
  4617 | D:4      | Gained mutation: You have a pair of small antennae on your head. [demonic ancestry]
  4617 | D:4      | Reached XP level 7. HP: 39/54 MP: 8/10
  5210 | D:5      | Reached skill level 5 in Evocations
  5717 | D:5      | Learned a level 4 spell: Olgreb's Toxic Radiance
  5720 | D:5      | Found Reruitze's Book Shop.
  5872 | D:5      | Found a blossoming altar of Fedhas.
  5904 | D:6      | Found an ancient bone altar of Kikubaaqudgha.
  5992 | D:6      | Found Qutsenn's General Store.
  6030 | D:6      | Noticed Horrz's ghost (experienced DrAK)
  6082 | D:6      | Found a sacrificial altar of Ru.
  6110 | D:6      | Killed Horrz's ghost
  6110 | D:6      | Reached skill level 6 in Evocations
  6110 | D:6      | Gained mutation: A demonic guardian rushes to your aid. [demonic ancestry]
  6110 | D:6      | Reached XP level 8. HP: 23/60 MP: 11/13
  6384 | D:6      | Found Qifruu's Jewellery Emporium.
  6497 | D:6      | Learned a level 5 spell: Venom Bolt
  6505 | D:6      | Found Jemeggop's General Store.
  6512 | D:6      | Found Lenied's General Store.
  6796 | D:6      | Found a deep blue altar of Sif Muna.
  6811 | D:6      | Became a worshipper of Sif Muna the Loreminder
  6820 | D:6      | Reached skill level 1 in Invocations
  6939 | D:6      | Reached skill level 7 in Evocations
  7548 | D:7      | Gained mutation: You have a pair of antennae on your head. [demonic ancestry]
  7548 | D:7      | Reached XP level 9. HP: 65/65 MP: 13/15
  7665 | D:7      | Reached skill level 5 in Invocations
  7665 | D:7      | Reached skill level 8 in Evocations
  8352 | D:7      | Found a glowing golden altar of the Shining One.
  8500 | D:7      | Found a shattered altar of Ashenzari.
  8500 | D:7      | Found a stormy altar of Qazlal.
  8504 | D:7      | Found an opulent altar of Gozag.
  8578 | D:8      | Reached skill level 5 in Poison Magic
  8725 | D:8      | Reached skill level 1 in Conjurations
  8725 | D:8      | Reached skill level 1 in Air Magic
  8824 | D:8      | Found an iron altar of Okawaru.
  8864 | D:7      | Acquired Sif Muna's first power
 10010 | D:9      | Noticed twist's ghost (experienced OpFE)
 10031 | D:9      | Killed from afar by twist's ghost

Vault maps used:
D:1:      minmay_arrival_wavy_path
D:2:      first_bread, grunt_ministairs_3, uniq_robin, uniq_jessica
D:3:      yredelemnul_altar_generic, portal_sewer_entry_d
D:4:      minmay_temple_entry_junction, minmay_misc_feat_x,
          kennysheep_generic_room_10
D:5:      overflow_temple_1_default, serial_shops, shop
D:6:      led_sif_book, nicolae_overflow_hidden_temple, serial_shops, shop,
          kennysheep_little_box, shop_fountains, shop
D:7:      old_forge, nicolae_overflow_crystal_walls, minitemple,
          grunt_ogre_cave, minmay_misc_feat_plants
D:8:      special_room, okawaru_metal_pillars_1_2
D:9:      cheibrodos_worm_habitat, old_standard_altar
Temple:   minmay_temple_curvy_8

Action                   |  1- 3 |  4- 6 |  7- 9 || total
-------------------------+-------+-------+-------++-------
Melee: Unarmed           |    10 |       |       ||    10
       Short sword       |     4 |       |       ||     4
       Spear             |    19 |   158 |   305 ||   482
 Cast: Sting             |    31 |    34 |    90 ||   155
       Cure Poison       |       |     2 |     4 ||     6
 Abil: Evoke Invisibilit |       |       |     3 ||     3
  Use: Scroll            |     1 |       |     4 ||     5
       Potion            |       |     2 |     7 ||     9
 Stab: Sleeping          |     2 |    10 |    10 ||    22
       Distracted        |       |     1 |     1 ||     2
       Invisible         |       |       |     4 ||     4
       Held in net/web   |       |       |     2 ||     2
  Eat: Chunk             |     2 |     9 |    15 ||    26
       Beef jerky        |       |     1 |       ||     1
       Bread ration      |       |       |     1 ||     1
